 Dungeon Crawl Stone Soup version 0.30-a0-908-g5a111fc481 (webtiles) character file.

Game seed: 11796477738393361702

103656 Armakuni the Nimble (level 16, 0/122 HPs)
             Began as a Human Brigand on Mar 19, 2023.
             Was an Initiate of Gozag.
             Slain by a two-headed ogre
             ... wielding a +0 giant spiked club
              (16 damage)
             ... on level 15 of the Dungeon.
             The game lasted 01:19:42 (28266 turns).

Armakuni the Nimble (Human Brigand)                Turns: 28266, Time: 01:19:42

Health: 0/122      AC: 20    Str: 15    XL:     16   Next: 90%
Magic:  17/17      EV: 23    Int: 18    God:    Gozag
Gold:   1719       SH:  0    Dex: 23    Spells: 15/17 levels left

rFire   . . .      SeeInvis .    a - +6 falchion "Haod" {heavy, rCorr Str+2}
rCold   + . .      Faith    .    (no shield)
rNeg    + . .      Spirit   .    D - +0 acid dragon scales
rPois   .          Reflect  .    h - +3 helmet of Coihaplu {rC+}
rElec   +          Rampage  .    c - +0 cloak
rCorr   +                        j - -1 pair of gloves of the Yeti {rElec Int+3}
Will    ++...                    B - +0 pair of boots of Spite {rN+ Int+3 Dex+2 Slay+6}
Stlth   +++++                    (no amulet)
HPRegen 0.40/turn                A - +4 ring of protection
MPRegen 0.15/turn                W - ring of willpower

@: gold aura
A: no striking features
a: Renounce Religion, Potion Petition, Call Merchant, Bribe Branch


You were on level 15 of the Dungeon.
You worshipped Gozag.
Gozag was most pleased with you.
You visited 4 branches of the dungeon, and saw 23 of its levels.

You collected 6939 gold pieces.
You spent 2422 gold pieces at shops.
You paid 2798 gold pieces to Gozag.

Inventory:

Hand Weapons
 a - the +6 falchion "Haod" (weapon) {heavy, rCorr Str+2}
   (You bought it in a shop on level 2 of the Orcish Mines)

   Str:       It affects your strength (+2).
   rCorr:     It protects you from acid and corrosion.
 b - a +1 scimitar of flaming
 s - a +6 vampiric rapier
Missiles
 m - 16 boomerangs (quivered)
 H - 2 throwing nets
 L - 4 poisoned darts
Armour
 c - a +0 cloak (worn)
 h - the +3 helmet of Coihaplu (worn) {rC+}
   (You bought it in a shop on level 7 of the Dungeon)

   rC:        It protects you from cold.
 j - the -1 pair of gloves of the Yeti (worn) {rElec Int+3}
   (You bought it in a shop on level 2 of the Orcish Mines)

   Int:       It affects your intelligence (+3).
   rElec:     It insulates you from electricity.
 B - the +0 pair of boots of Spite (worn) {rN+ Int+3 Dex+2 Slay+6}
   (You found it on level 13 of the Dungeon)

   Int:       It affects your intelligence (+3).
   Dex:       It affects your dexterity (+2).
   Slay:      It affects your accuracy & damage with ranged weapons and melee
   (+6).
   rN:        It protects you from negative energy.
 D - +0 acid dragon scales (worn)
Jewellery
 A - a +4 ring of protection (left hand)
 J - a ring of protection from cold
 K - a ring of resist corrosion
 P - a ring of poison resistance
 Q - the ring "Rimiah" {Fire Int+3}
   (You took it off Kirke on level 14 of the Dungeon)

   [ring of fire]

   It enhances your fire magic.
   Int:       It affects your intelligence (+3).
   rF:        It protects you from fire.
   rC:        It makes you vulnerable to cold.
 V - a +6 ring of strength
 W - a ring of willpower (right hand)
Wands
 e - a wand of mindburst (7)
 i - a wand of iceblast (7)
 p - a wand of polymorph (6)
 O - a wand of digging (9)
 R - a wand of flame (21)
Scrolls
 d - 2 scrolls of amnesia
 g - 7 scrolls of teleportation
 o - a scroll of vulnerability
 r - a scroll of noise
 u - a scroll of fear
 v - a scroll of poison
 x - a scroll of magic mapping
 y - 3 scrolls of identify
 G - 6 scrolls of fog
 N - 2 scrolls of blinking
Potions
 f - 6 potions of brilliance
 k - 4 potions of flight
 l - 3 potions of resistance
 n - 10 potions of curing
 q - 10 potions of heal wounds
 z - 2 potions of berserk rage
 C - 2 potions of might
 E - a potion of magic
 F - 3 potions of lignification
 I - a potion of haste
 M - a potion of mutation
Miscellaneous
 t - a tin of tremorstones (inert)
 w - a piece from Xom's chessboard (15/15)


   Skills:
 - Level 10.0 Fighting
 - Level 12.7(14.5) Short Blades
 - Level 11.5(14.0) Long Blades
 - Level 4.0 Polearms
 - Level 2.0 Throwing
 - Level 10.0 Armour
 + Level 14.5 Dodging
 - Level 10.0 Stealth
 - Level 1.0 Spellcasting
 - Level 2.0 Translocations
 - Level 5.0 Evocations


You had 15 spell levels left.
You knew the following spells:

 Your Spells              Type           Power      Damage    Failure   Level
b - Blink                 Tloc           16%        N/A       17%         2

Your spell library contained the following spells:

 Spells                   Type           Power      Damage    Failure   Level
 Lesser Beckoning         Tloc           16%        N/A       17%         2
 Magic Dart               Conj           0%         1d3       26%         1
 Shock                    Conj/Air       0%         1d3       26%         1
 Gell's Gravitas          Tloc           8%         N/A       34%         3
 Teleport Other           Tloc           8%         N/A       34%         3
 Call Imp                 Summ           0%         N/A       36%         2
 Cigotuvi's Dreadful Rot  Necr/Pois/Air  0%         N/A       36%         2
 Ensorcelled Hibernation  Hex/Ice        0%         N/A       36%         2
 Passwall                 Tmut/Erth      0%         N/A       36%         2
 Poisonous Vapours        Pois/Air       0%         N/A       36%         2
 Portal Projectile        Hex/Tloc       8%         N/A       45%         3
 Hailstorm                Conj/Ice       0%         3d3       61%         3
 Mephitic Cloud           Conj/Pois/Air  0%         N/A       61%         3
 Swiftness                Air            0%         N/A       61%         3
 Tukima's Dance           Hex            0%         N/A       61%         3
 Manifold Assault         Tloc           8%         N/A       75%         4
 Passage of Golubria      Tloc           8%         N/A       75%         4
 Airstrike                Air            0%         2d(0-16)  95%         4
 Dispel Undead            Necr           0%         3d6       95%         4
 Ice Form                 Ice/Tmut       0%         N/A       95%         4
 Olgreb's Toxic Radiance  Pois           0%         N/A       95%         4
 Blade Hands              Tmut           0%         N/A       100%        5
 Fireball                 Conj/Fire      0%         3d3       100%        5
 Iskenderun's Battlesphe  Conj           0%         2d6       100%        5
 Silence                  Hex/Air        0%         N/A       100%        5
 Conjure Ball Lightning   Conj/Air       0%         3x3d6     100%        6
 Death Channel            Necr           0%         N/A       100%        6
 Orb of Destruction       Conj           0%         9d5       100%        7
 Ozocubu's Refrigeration  Ice            0%         4d7       100%        7
 Storm Form               Tmut/Air       0%         N/A       100%        7
 Ignition                 Fire           0%         3d3       100%        8
 Lehudib's Crystal Spear  Conj/Erth      0%         10d2      100%        8
 Simulacrum               Ice/Necr       Unusable   N/A       N/A         6

Dungeon Overview and Level Annotations

Branches:
Dungeon (15/15)            Temple (1/1) D:7            Lair (5/5) D:9
 Shoals (0/4) Lair:3       Spider (0/4) Lair:3        Slime (0/5) Lair:5
    Orc (2/2) D:12            Elf (0/3) Orc:2        Vaults (0/5) D:13
 Depths: D:15

Altars:
Ashenzari
Cheibriados
Dithmenos
Elyvilon
Fedhas
Gozag
Hepliaklqana
Kikubaaqudgha
Makhleb
Nemelex Xobeh
Okawaru
Qazlal
Ru
Sif Muna
Trog
Uskayaw
Vehumet
Wu Jian
Xom
Yredelemnul
Zin
The Shining One
Lugonu

Shops:
D:7 *   D:10 [   Orc:2 :(*[   Lair:1 ([[

Portals:
Abyss: Lair:5

Annotations:
D:7 2 transporters, UltrafastDeath's ghost, novice HuWn
D:11 Frances


Message History

You barely miss the two-headed ogre.
The two-headed ogre is heavily wounded.
The two-headed ogre hits you with a +0 giant club!
The two-headed ogre hits you with a +0 giant club.
The two-headed ogre completely misses you.
The two-headed ogre misses you.
You are too injured to fight recklessly!
You are too injured to fight recklessly!
You are too injured to fight recklessly!
You barely miss the two-headed ogre.
The two-headed ogre is moderately wounded.
You slash the two-headed ogre!
The two-headed ogre is heavily wounded.
The two-headed ogre misses you. The two-headed ogre closely misses you.
You slash the cyclops!
The cyclops is moderately wounded.
The cyclops closely misses you.
You hit the cyclops.
The cyclops is moderately wounded.
Something hits you but does no damage.
The two-headed ogre hits you with a +0 giant spiked club.
The two-headed ogre hits you with a +0 giant club!
* * * LOW HITPOINT WARNING * * *
You slash the cyclops!
The cyclops is heavily wounded.
The cyclops barely misses you. Something closely misses you.
The two-headed ogre closely misses you.
The two-headed ogre completely misses you.
You slash the cyclops!
The cyclops is severely wounded.
The cyclops barely misses you.
You slice the cyclops!!
You kill the cyclops!
Something hits you.
* * * LOW HITPOINT WARNING * * *
The two-headed ogre hits you with a +0 giant spiked club!
* * * LOW HITPOINT WARNING * * *
The two-headed ogre hits you with a +0 giant club!
You die...
Your body crumbles into a pile of gold.

#...###............#
#..................#
#..................#
#..................#
#..................#
#..................#
#..................#
#.<.....O..........#
#.......O@.........#
#.......{#########.#
#......$.# .#
#........#
#........#
#........#
#........#
#........#
#.)......#


You could see 2 two-headed ogres.

Vanquished Creatures
  Kirke (D:14)
  An orc warlord (Orc:2)
  6 hydras
  Erica (D:9)
  A centaur warrior (D:13)
  8 two-headed ogres
  3 boulder beetles
  14 death yaks
  3 thrashing horrors (Lair:5)
  2 orc high priests (Orc:2)
  A skyshark (Lair:5)
  4 skeletal warriors (D:11)
  An orb spider (Lair:3)
  3 orc knights
  2 lindwurms (Lair:4)
  A mana viper (Lair:4)
  5 ugly things
  A deep elf pyromancer (D:13)
  3 orc sorcerers (Orc:2)
  4 cyclopes
  3 manticores
  A cyclops (shapeshifter) (D:13)
  12 elephants
  2 merfolk sirens (Lair:3)
  2 smoke demons (Lair:5)
  Psyche (D:8)
  4 gargoyles
  10 cane toads
  Maggie (D:8)
  An unseen horror (D:11)
  A rime drake (Lair:1)
  3 kobold demonologists
  An efreet (D:14)
  A tengu conjurer (D:13)
  2 ancient zymes (Lair:5)
  3 komodo dragons
  2 merfolk (Lair:3)
  6 trolls
  A queen bee (Lair:5)
  17 dream sheep (Lair:5)
  A tarantella (shapeshifter) (D:13)
  20 blink frogs
  9 slime creatures
  3 water elementals (D:14)
  A vampire (D:11)
  Sigmund (D:2)
  2 wraiths
  2 ynoxinuls (Lair:5)
  27 yaks
  7 wyverns
  2 shadows
  A hog (D:14)
  A golden eye (shapeshifter) (D:14)
  7 basilisks
  4 steam dragons
  3 vampire mosquitoes (D:14)
  A large abomination (Lair:5)
  2 chaos spawn (Lair:5)
  2 wargs (Orc:2)
  2 acid dragons
  The ghost of emiel the Digger, an amateur KoEE (D:4)
  Duvessa (D:4)
  19 orc warriors
  11 water moccasins
  A hornet zombie (D:5)
  2 ice beasts (D:8)
  A sky beast (D:4)
  9 centaurs
  2 ogres (Orc:1)
  A tengu (D:8)
  14 wolves
  2 phantoms (D:12)
  5 kobold brigands
  11 bullfrogs
  2 gnoll sergeants
  8 small abominations (Lair:5)
  6 scorpions
  A water moccasin zombie (D:5)
  9 wights
  Dowan (D:4)
  6 killer bees
  7 electric eels
  A howler monkey (D:12)
  A bullfrog zombie (D:5)
  2 hounds
  15 jellies
  21 orc priests
  3 gnoll boudas
  3 sleepcaps
  A scorpion zombie (D:5)
  Jessica (D:2)
  19 orc wizards
  An iguana (D:5)
  A statue (D:6)
  6 ogre zombies (D:12)
  A mummy (D:10)
  A howler monkey zombie (D:5)
  Robin (D:2)
  19 gnolls
  8 adders
  2 white imps
  4 ufetubi
  An adder zombie (D:5)
  4 worms
  2 dart slugs
  57 orcs
  11 ball pythons
  2 endoplasms
  4 giant cockroaches
  14 goblins
  10 hobgoblins
  4 jackals
  40 kobolds
  3 quokkas
  5 bats
  2 frilled lizards
  A goblin skeleton (D:12)
  2 goblin zombies (D:12)
  A hobgoblin skeleton (D:12)
  2 hobgoblin zombies (D:12)
  3 orc skeletons (D:12)
  10 orc zombies (D:12)
  8 rats
654 creatures vanquished.

Vanquished Creatures (collateral kills)
  2 death yaks (Lair:5)
2 creatures vanquished.

Vanquished Creatures (others)
  An orc warrior (Orc:2)
  2 jellies (Lair:5)
  An orc wizard (Orc:2)
  20 fungi
  85 plants
  8 withered plants (D:3)
117 creatures vanquished.

Grand Total: 773 creatures vanquished

Notes
Turn   | Place    | Note
-------+----------+-------------------------------------------
     0 | D:1      | Armakuni the Human Brigand began the quest for the Orb.
     0 | D:1      | Reached XP level 1. HP: 16/16 MP: 1/1
    45 | D:1      | Reached XP level 2. HP: 21/22 MP: 2/2
   274 | D:1      | Reached XP level 3. HP: 27/27 MP: 3/3
   343 | D:1      | Reached skill level 5 in Stealth
   490 | D:2      | Noticed Robin
   858 | D:2      | Noticed Sigmund
   996 | D:2      | Reached XP level 4. HP: 15/33 MP: 4/4
  1330 | D:2      | Noticed Jessica
  1337 | D:2      | Killed Jessica
  1447 | D:2      | Killed Sigmund
  1448 | D:2      | Reached XP level 5. HP: 25/38 MP: 5/5
  1448 | D:2      | Reached XP level 6. HP: 29/44 MP: 6/6
  1562 | D:2      | Killed Robin
  1758 | D:3      | Found a faded altar of an unknown god.
  1869 | D:3      | Reached XP level 7. HP: 18/50 MP: 7/7
  2348 | D:3      | Found a blossoming altar of Fedhas.
  2681 | D:4      | Found a runed translucent gate.
  2682 | D:4      | Found a runed translucent gate.
  2683 | D:4      | Found a runed translucent gate.
  2684 | D:4      | Found an opulent altar of Gozag.
  2685 | D:4      | Noticed emiel's ghost (amateur KoEE)
  2880 | D:4      | Noticed Duvessa
  2880 | D:4      | Noticed Dowan
  2903 | D:4      | Killed Dowan
  2950 | D:4      | HP: 2/75 [Duvessa/+0 short sword (11)]
  2952 | D:4      | Killed Duvessa
  2953 | D:4      | Reached XP level 8. HP: 13/56 MP: 8/8
  3361 | D:5      | Entered Level 5 of the Dungeon
  3422 | D:5      | Reached skill level 10 in Stealth
  3633 | D:5      | Found a basalt altar of Yredelemnul.
  4091 | D:5      | Reached skill level 5 in Short Blades
  4241 | D:5      | Learned a level 2 spell: Blink
  4372 | D:5      | Found a glowing golden altar of the Shining One.
  4485 | D:4      | Killed emiel's ghost
  4486 | D:4      | Reached XP level 9. HP: 67/67 MP: 9/9
  4530 | D:4      | Reached skill level 5 in Fighting
  4530 | D:4      | Reached skill level 2 in Dodging
  4546 | D:4      | Became a worshipper of Gozag Ym Sagoz the Greedy
  4624 | D:6      | Reached skill level 3 in Dodging
  4683 | D:6      | Reached skill level 4 in Dodging
  5002 | D:6      | Reached skill level 5 in Dodging
  5002 | D:6      | Reached skill level 1 in Evocations
  5035 | D:6      | Found a radiant altar of Vehumet.
  5463 | D:6      | Reached skill level 1 in Translocations
  5600 | D:6      | Reached skill level 1 in Spellcasting
  6269 | D:7      | Found a transporter.
  6517 | D:7      | Reached skill level 1 in Armour
  6526 | D:7      | Found a staircase to the Ecumenical Temple.
  6576 | Temple   | Entered the Ecumenical Temple
  6881 | D:7      | Noticed UltrafastDeath's ghost (novice HuWn)
  6883 | D:7      | Identified the +0 kite shield "Forget-Me-Not" {rF+ Str+2
                  | Int+3}
  6913 | D:7      | Reached XP level 10. HP: 65/74 MP: 11/11
  6945 | D:7      | Found a white marble altar of Elyvilon.
  6953 | D:7      | Found a broken altar of Ashenzari.
  7002 | D:7      | Identified the amulet "Ulaneh" {RegenMP Rampage Fly rN+
                  | Int-2}
  7015 | D:7      | Found a transporter.
  7153 | D:7      | Found Joyple's General Store.
  7161 | D:7      | Bought the +3 helmet of Coihaplu {rC+} for 402 gold pieces
  7171 | D:7      | Bought a scroll of teleportation for 36 gold pieces
  7294 | D:8      | Reached skill level 5 in Armour
  7294 | D:8      | Reached skill level 1 in Long Blades
  7446 | D:8      | Noticed Psyche
  7454 | D:8      | Killed Psyche
  7540 | D:8      | Reached skill level 5 in Long Blades
  7609 | D:8      | Noticed Maggie
  7626 | D:8      | Killed Maggie
  8322 | D:9      | Identified the +6 falchion "Sull" {antimagic, rPois rC+++
                  | Str-3 Stlth+}
  8507 | D:9      | Noticed Erica
  8528 | D:9      | Killed Erica
  8529 | D:9      | Reached XP level 11. HP: 55/83 MP: 12/12
  8792 | D:9      | Found a staircase to the Lair.
  8934 | D:9      | Found a shimmering blue altar of Sif Muna.
  9120 | D:9      | Found a shadowy altar of Dithmenos.
  9248 | D:10     | Entered Level 10 of the Dungeon
  9338 | D:10     | Noticed a brown ugly thing
  9347 | D:10     | Killed a brown ugly thing
  9652 | D:10     | Found a snail-covered altar of Cheibriados.
 10168 | D:11     | Noticed a white ugly thing
 10190 | D:11     | Killed a brown ugly thing
 10335 | D:10     | Bought a pair of embroidered gloves for 202 gold pieces
 10348 | D:10     | Bought a pair of runed gloves for 202 gold pieces
 10351 | D:10     | Bought a brightly glowing robe for 153 gold pieces
 10351 | D:10     | Identified the +4 robe "Bohumoq" {rPois} (You bought it in
                  | a shop on level 10 of the Dungeon)
 10366 | D:11     | Noticed a manticore
 10384 | D:11     | Killed a manticore
 10385 | D:11     | Reached skill level 10 in Fighting
 10612 | D:11     | Noticed a two-headed ogre
 10616 | D:11     | Noticed a two-headed ogre
 10628 | D:11     | Killed a two-headed ogre
 10691 | D:11     | Killed a two-headed ogre
 10951 | D:11     | Identified the +10 halberd of Nis Rieqoife {freeze, rF++
                  | rC+ Dex+3}
 10958 | D:11     | Reached XP level 12. HP: 97/97 MP: 13/13
 10995 | D:11     | Noticed a skeletal warrior
 11027 | D:11     | HP: 3/97 [skeletal warrior/+0 war axe (3)]
 11028 | D:11     | Killed a skeletal warrior
 11135 | D:11     | Noticed a skeletal warrior
 11357 | Lair:1   | Entered Level 1 of the Lair of Beasts
 11656 | Lair:1   | Reached skill level 10 in Long Blades
 11929 | Lair:2   | Noticed a five-headed hydra
 12165 | Lair:2   | Reached skill level 6 in Dodging
 12315 | Lair:2   | Killed a one-headed hydra
 12854 | Lair:2   | Noticed a death yak
 12854 | Lair:2   | Noticed a death yak
 12855 | Lair:2   | Noticed a death yak
 12855 | Lair:2   | Noticed a death yak
 12856 | Lair:2   | Noticed a death yak
 12870 | Lair:2   | Killed a death yak
 12871 | Lair:2   | Reached skill level 7 in Dodging
 12873 | Lair:2   | Killed a death yak
 12876 | Lair:2   | Killed a death yak
 12880 | Lair:2   | HP: 1/97 [death yak (12)]
 12886 | Lair:2   | Killed a death yak
 13112 | Lair:2   | Killed a death yak
 13113 | Lair:2   | Reached skill level 8 in Dodging
 13113 | Lair:2   | Reached XP level 13. HP: 52/103 MP: 3/14
 13629 | Lair:3   | Reached skill level 1 in Polearms
 13744 | Lair:3   | Reached skill level 9 in Dodging
 13917 | Lair:3   | Found a staircase to the Shoals.
 13925 | Lair:3   | Reached skill level 10 in Dodging
 14069 | Lair:3   | Found a hole to the Spider Nest.
 14427 | Lair:1   | Bought a +1 vampiric rapier for 285 gold pieces
 15213 | Lair:4   | Noticed a six-headed hydra
 15230 | Lair:4   | Killed a one-headed hydra
 15930 | Lair:4   | Reached skill level 10 in Armour
 16186 | Lair:4   | Reached XP level 14. HP: 110/110 MP: 11/15
 16377 | Lair:5   | Entered Level 5 of the Lair of Beasts
 16377 | Lair:5   | Noticed Nessos
 16378 | Lair:5   | Found a staircase to the Slime Pits.
 16380 | Lair:5   | Nessos changed into Nessos the mana viper
 16380 | Lair:5   | Noticed Nessos
 16392 | Lair:4   | Killed Nessos the mana viper
 17310 | Lair:5   | Reached skill level 10 in Short Blades
 18270 | Lair:5   | Reached XP level 15. HP: 115/115 MP: 16/16
 19085 | Lair:5   | Identified the +9 flail of the Eggplant {flame, *Noise
                  | rPois rC+ Int+3}
 19970 | Lair:5   | Reached skill level 5 in Evocations
 19995 | Lair:5   | Reached XP level 16. HP: 93/122 MP: 7/17
 20210 | Lair:5   | Found a corrupted altar of Lugonu.
 20210 | Lair:5   | Found a one-way gate to the infinite horrors of the Abyss.
 20791 | D:12     | Found a staircase to the Orcish Mines.
 20888 | D:12     | Reached skill level 11 in Dodging
 22131 | D:12     | Noticed Frances
 22481 | Orc:1    | Entered Level 1 of the Orcish Mines
 22637 | Orc:2    | Entered Level 2 of the Orcish Mines
 22637 | Orc:2    | Found a staircase to the Elven Halls.
 23140 | Orc:1    | Reached skill level 12 in Dodging
 25078 | Orc:2    | Found Kaigh's Book Emporium.
 25113 | Orc:2    | Found Plog's General Store.
 25204 | Orc:2    | Reached skill level 13 in Dodging
 25418 | Orc:2    | Found Afaul's Antique Armour Emporium.
 25424 | Orc:2    | Bought a pair of heavily runed gloves for 370 gold pieces
 25424 | Orc:2    | Identified the -1 pair of gloves of the Yeti {rElec Int+3}
                  | (You bought it in a shop on level 2 of the Orcish Mines)
 25483 | Orc:2    | Found Fooqeano's Antique Weapon Emporium.
 25505 | Orc:2    | Bought the +6 falchion "Haod" {heavy, rCorr Str+2} for 730
                  | gold pieces
 25508 | Orc:2    | Bought a scroll of teleportation for 42 gold pieces
 25772 | D:13     | Identified the +0 pair of boots of Spite {rN+ Int+3 Dex+2
                  | Slay+6}
 26104 | D:13     | Found a gate to the Vaults.
 27323 | D:14     | Reached skill level 14 in Dodging
 27914 | D:14     | Identified the ring "Rimiah" {Fire Int+3}
 27914 | D:14     | Noticed Kirke
 27935 | D:14     | Killed Kirke
 28218 | D:15     | Entered Level 15 of the Dungeon
 28266 | D:15     | Slain by a two-headed ogre

Illustrated notes

Levels and vault maps discovered:
D:1:      scummos_arrival_simple_crosswalls, layout_rooms, hex_intersection
D:2:      layout_rooms, uniq_sigmund, uniq_jessica, uniq_robin
D:3:      layout_basic, mainiacjoe_overflow_alcove_4,
          ebering_ecumenical_altar_petrified
D:4:      layout_cave_pools, ebering_ghost_gozag, uniq_duvessa
D:5:      layout_basic, nicolae_yredelemnul_corpse_copse,
          nicolae_tso_swordbearing_angel, serial_curves, eino_curves_02,
          eino_curves_01, grunt_ministairs_13
D:6:      kennysheep_kobold_camp, layout_basic, vehumet_statue,
          eino_small_chamber_without_monster
D:7:      layout_cave_pools, mainiacjoe_overflow_catwalk_spiral,
          minmay_temple_entry_sparse_star, gammafunk_ghost_gnarly_gnolls,
          serial_shops, shop, hellmonk_bongcloud_opening,
          kennysheep_cross_bottleneck, chequers_serial_rivers_small_3
D:8:      layout_cave_pools, minivault_25, nicolae_grassy_gnolls, uniq_psyche,
          uniq_maggie
D:9:      layout_long_grid, lemuel_coloured_pillars_altar,
          amcnicky_altar_gilded, uniq_erica
D:10:     layout_basic, slow_altar_1, hex_intersection
D:11:     layout_cave_pools, minivault_11
D:12:     layout_cave_pools, zombieorc1_lemuel, kennysheep_generic_room_16,
          uniq_frances
D:13:     layout_loops_ring, david_vaults_1, kennysheep_generic_room_4
D:14:     layout_roguey, serial_bayou, serial_bayou_ford_a, serial_bayou_lake_a,
          serial_bayou_pond_e, serial_bayou_lagoon_a, serial_bayou_shore_b,
          uniq_kirke
D:15:     grunt_enter_depths_giant_problem, layout_long_grid,
          nicolae_trove_entry_isolated, reono_crystal_passage
Temple:   nicolae_temple_ecumenical_triangle
Lair:1:   layout_cave_shapes
Lair:2:   layout_roguey, serial_bayou_shore_a
Lair:3:   layout_regular_city, elwin_shoals_entry_stream,
          nicolae_spider_entry_orb_guardian, infiniplex_staircase_pool_2
Lair:4:   layout_regular_city, enter_volcano_4, beast_lair_carwin_6
Lair:5:   hellmonk_lair_end_abyssal_woods, layout_long_grid,
          minmay_slime_entry_jelly_boxes, lemuel_fruit_tree, uniq_nessos
Orc:1:    layout_diamond_mine, basic_altar, serial_shops, nicolae_diamond_shop,
          nicolae_specific_store, uniq_erolcha
Orc:2:    grunt_orc_cross, layout_caves, basic_altar, mines1_david

Skill      XL: |  1  2  3  4  5  6  7  8  9 10 11 12 13 14 15 16 |
---------------+-------------------------------------------------+-----
Stealth        | 5 7 8 9 10 | 10.0
Short Blades   | 5 6 12 | 12.7
Fighting       | 4 5 6 10 | 10.0
Dodging        | 5 8 10 14 | 14.5
Evocations     | 3 5 |  5.0
Translocations | 2 |  2.0
Spellcasting   | 1 |  1.0
Armour         | 3 5 8 10 | 10.0
Long Blades    | 6 8 10 11 | 11.5
Polearms       | 4 |  4.0
Throwing       | |  2.0

Action                     |  1- 3 |  4- 6 |  7- 9 | 10-12 | 13-15 | 16-18 || total
---------------------------+-------+-------+-------+-------+-------+-------++-------
  Melee: Dagger            |   107 |   100 |   330 |    22 |       |       ||   559
         Punch             |     1 |     3 |    13 |     5 |    14 |    16 ||    52
         Short sword       |       |       |   186 |   162 |       |       ||   348
         Unarmed           |       |       |    10 |       |       |       ||    10
         Falchion          |       |       |     4 |       |       |   166 ||   170
         Long sword        |       |       |       |    47 |       |       ||    47
         Scimitar          |       |       |       |   145 |    30 |    56 ||   231
         Rapier            |       |       |       |     9 |   680 |   681 ||  1370
         Halberd           |       |       |       |   148 |   100 |       ||   248
  Throw: Dart              |       |     2 |    13 |     5 |     3 |     2 ||    25
 Invoke: Call Merchant     |       |       |       |     1 |     1 |     2 ||     4
  Evoke: Wand              |       |       |     8 |    37 |    11 |    12 ||    68
         Piece from Xom's  |       |       |       |    12 |     5 |     4 ||    21
         Tin of tremorston |       |       |       |       |     3 |     2 ||     5
    Use: Scroll            |     2 |     3 |     8 |    10 |    12 |     5 ||    40
         Potion            |       |     3 |     4 |     3 |    10 |     2 ||    22
   Stab: Sleeping          |     6 |     3 |    17 |    13 |    14 |    12 ||    65
         Distracted        |     1 |       |     2 |     2 |     7 |     7 ||    19
         Invisible         |       |       |     4 |       |       |       ||     4
         Petrified         |       |       |       |     2 |     3 |       ||     5
         Petrifying        |       |       |       |       |     2 |       ||     2
 Armour: Robe              |    28 |     8 |       |    12 |       |       ||    48
         Skin              |       |    20 |    34 |    16 |    17 |       ||    87
         Animal skin       |       |    14 |   139 |     4 |       |       ||   157
         Acid dragon scale |       |       |       |   174 |   280 |   144 ||   598
  Dodge: Dodged            |    59 |    57 |   278 |   391 |   606 |   528 ||  1919

Table legend: (Time is in decaauts)
 A = Elapsed time spent in this place.
 B = Non-inter-level travel time spent in this place.
 C = Inter-level travel time spent in this place.
 D = Time resting spent in this place.
 E = Time spent auto-exploring this place.
 F = Levels seen in this place.
 G = Mean time per level.
                   A        B        C        D        E       F      G
               +--------+--------+--------+--------+--------+-----+--------+
         Total |  27682 |  26291 |   1391 |   4276 |  14598 |  23 | 1203.6 |
       Dungeon |  15875 |  14954 |    921 |   2278 |   8093 |  15 | 1058.3 |
        Temple |     45 |     45 |      0 |      0 |     28 |   1 |   45.0 |
          Lair |   8922 |   8537 |    385 |   1514 |   4873 |   5 | 1784.4 |
  Orcish Mines |   2838 |   2754 |     84 |    483 |   1604 |   2 | 1419.0 |
               +--------+--------+--------+--------+--------+-----+--------+

Top non-repeatable levels by time:
  Lair:5: 3069 daAuts
  Lair:4: 2232 daAuts
   Orc:2: 2084 daAuts
  Lair:2: 1801 daAuts
     D:6: 1641 daAuts
    D:12: 1461 daAuts
    D:13: 1461 daAuts
    D:10: 1406 daAuts
    D:11: 1221 daAuts
     D:9: 1199 daAuts
  Lair:3: 1133 daAuts
    D:14: 1133 daAuts
     D:2: 1101 daAuts
     D:4: 1089 daAuts
     D:5: 1073 daAuts
